[Event "ICC tourney 2263 (75 10)"]
[Site "Internet Chess Club"]
[Date "2021.01.02"]
[Round "3"]
[White "tinyattacker"]
[Black "martinjames28"]
[Result "1-0"]
[ICCResult "Black resigns"]
[WhiteElo "1216"]
[BlackElo "1196"]
[Opening "Caro-Kann: classical variation"]
[ECO "B18"]
[NIC "CK.10"]
[Time "18:01:19"]
[PlyCount "51"]
[TimeControl "4500+10"]

1. e4 c6 2. d4 d5 3. Nc3 dxe4 4. Nxe4 Bf5 5. Nc5 Qc7 6. Nf3 e6 7. Nh4 Bg6
8. Nxg6 hxg6 9. h3 Bd6 10. Bd3 Nd7 11. Nxd7 Qxd7 12. c4 O-O-O 13. O-O Nf6
14. Be3 Nh5 15. d5 Kb8 16. Qa4 a6 17. dxc6 Qc7 18. Be4 Bf4 19. Bc5 Nf6 20.
Bf3 g5 21. Qb4 g4 22. Bb6 Qd6 23. c7+ Kc8 24. cxd8=Q+ Rxd8 25. Qxd6 Rxd6
26. c5 { Black resigns } 1-0

[Event "ICC tourney 2263 (75 10)"]
[Site "Internet Chess Club"]
[Date "2021.01.02"]
[Round "3"]
[White "VirginiaGuy"]
[Black "Chai2006"]
[Result "0-1"]
[ICCResult "White resigns"]
[WhiteElo "1298"]
[BlackElo "1159"]
[Opening "Queen's pawn game"]
[ECO "A46"]
[NIC "QP.06"]
[Time "18:01:24"]
[PlyCount "48"]
[TimeControl "4500+10"]

1. d4 Nf6 2. Nf3 d6 3. e3 Nbd7 4. Bd3 e5 5. e4 Be7 6. Nc3 O-O 7. O-O Ne8 8.
Nd5 exd4 9. Nxe7+ Qxe7 10. Nxd4 Ne5 11. Be2 Nf6 12. Bg5 h6 13. Bxf6 gxf6
14. Re1 Kh7 15. f4 Ng6 16. f5 Nf4 17. Bf3 Rg8 18. Qd2 Nh3+ 19. Kf1 Ng5 20.
Rad1 Qe5 21. Kg1 Qxd4+ 22. Qxd4 Nxf3+ 23. Kf2 Nxd4 24. Rxd4 Bd7 { White
resigns } 0-1

[Event "ICC tourney 2263 (75 10)"]
[Site "Internet Chess Club"]
[Date "2021.01.02"]
[Round "3"]
[White "kitook"]
[Black "cautiouscottage"]
[Result "0-1"]
[ICCResult "White checkmated"]
[WhiteElo "426"]
[BlackElo "1053"]
[Opening "Sicilian defense"]
[ECO "B40"]
[NIC "SI.43"]
[Time "18:01:32"]
[PlyCount "164"]
[TimeControl "4500+10"]

1. e4 c5 2. Nf3 e6 3. Nc3 a6 4. Be2 Qc7 5. d4 cxd4 6. Nxd4 Nf6 7. Be3 Be7
8. Qd2 b5 9. a3 Bb7 10. Bd3 O-O 11. O-O d6 12. Qe2 Nbd7 13. Nb3 Rac8 14.
Qf3 Ne5 15. Qg3 Ng6 16. Ne2 d5 17. exd5 Nxd5 18. Qxc7 Rxc7 19. Rad1 Rfc8
20. Ng3 Ne5 21. Rfe1 Nxd3 22. cxd3 Rc2 23. Rb1 h6 24. Nd4 R2c7 25. Nge2 Bf6
26. b4 Nc3 27. Nxc3 Rxc3 28. Ne2 Rxd3 29. Nc1 Rxa3 30. Rd1 Rac3 31. Bc5 Bd5
32. Ne2 Rc4 33. Rd2 a5 34. h3 axb4 35. Bxb4 Rc2 36. Rxc2 Rxc2 37. Ng3 Bd4
38. Be1 Bc4 39. Rd1 Bc3 40. Bxc3 Rxc3 41. Ne4 Rd3 42. Rc1 Rd4 43. Ng3 b4
44. Rb1 b3 45. Nf1 Bxf1 46. Kxf1 Rb4 47. Ke2 Kf8 48. Kd3 Ke7 49. Kc3 Rb8
50. Rxb3 Rxb3+ 51. Kxb3 Kd6 52. Kc3 Kd5 53. Kd3 e5 54. Ke3 f5 55. f4 g6 56.
g4 e4 57. gxf5 gxf5 58. Ke2 Kd4 59. Kd2 e3+ 60. Ke1 Ke4 61. Ke2 Kxf4 62. h4
h5 63. Ke1 Kf3 64. Kf1 e2+ 65. Ke1 f4 66. Kd2 Kf2 67. Kd3 e1=Q 68. Kd4 Qe2
69. Kd5 Qe3 70. Kd6 Qe4 71. Kc5 Qd3 72. Kc6 Qd4 73. Kc7 Qd5 74. Kb6 Qc4 75.
Kb7 Qc5 76. Kb8 Qc6 77. Ka7 Qb5 78. Ka8 Ke3 79. Ka7 Kd4 80. Ka8 Kc5 81. Ka7
Kc6 82. Ka8 Qb7# { White checkmated } 0-1

[Event "ICC tourney 2263 (75 10)"]
[Site "Internet Chess Club"]
[Date "2021.01.02"]
[Round "3"]
[White "MGrei"]
[Black "cappyal"]
[Result "1/2-1/2"]
[ICCResult "Game drawn by repetition"]
[WhiteElo "1149"]
[BlackElo "624"]
[Opening "Vienna: Paulsen-Mieses variation"]
[ECO "C26"]
[NIC "VG.01"]
[Time "18:01:14"]
[PlyCount "116"]
[TimeControl "4500+10"]

1. e4 e5 2. Nc3 Nf6 3. g3 a6 4. Bg2 Nc6 5. Nge2 Bc5 6. d3 Rb8 7. O-O O-O 8.
Kh1 h6 9. f4 exf4 10. Nxf4 d6 11. Nh5 Nxh5 12. Qxh5 Nd4 13. Rf2 Nb3 14.
axb3 Bxf2 15. Nd5 Re8 16. Bd2 Re5 17. Qf3 Bd4 18. c3 Bb6 19. d4 Re8 20. Rf1
Rf8 21. Qh5 Be6 22. Nf4 Bxb3 23. d5 Bc4 24. Rf3 Re8 25. Nh3 Rf8 26. Rf4 c6
27. Rh4 Qf6 28. dxc6 bxc6 29. e5 dxe5 30. Rxc4 Rbd8 31. Bc1 Qd6 32. Bf3 g6
33. Qxh6 Qd3 34. Kg2 Qxc4 35. Ng5 Rfe8 36. Ne4 Re6 37. Ng5 Red6 38. Qh7+
Kf8 39. Ne4 Qd3 40. Nxd6 Rxd6 41. Qh8+ Ke7 42. Qxe5+ Kd7 43. Bg4+ f5 44.
Qg7+ Ke8 45. Qe5+ Kd7 46. Bf3 Qc2+ 47. Kh3 Qxc1 48. Qg7+ Ke6 49. Qxg6+ Ke5
50. Qg7+ Rf6 51. Qe7+ Re6 52. Qg7+ Rf6 53. Qe7+ Re6 54. Qg7+ Rf6 55. Qe7+
Re6 56. Qg7+ Rf6 57. Qe7+ Re6 58. Qg7+ Rf6 { Game drawn by repetition }
1/2-1/2

[Event "ICC tourney 2263 (75 10)"]
[Site "Internet Chess Club"]
[Date "2021.01.02"]
[Round "3"]
[White "Sax-Maniac"]
[Black "prkukuku"]
[Result "0-1"]
[ICCResult "White checkmated"]
[WhiteElo "1027"]
[BlackElo "1288"]
[Opening "QGD: Chigorin defense"]
[ECO "D07"]
[NIC "QP.08"]
[Time "18:01:18"]
[PlyCount "64"]
[TimeControl "4500+10"]

1. d4 d5 2. c4 Nc6 3. Nf3 Bg4 4. e3 e6 5. Nc3 Nf6 6. h3 Bh5 7. Be2 Bxf3 8.
Bxf3 dxc4 9. Bxc6+ bxc6 10. Qa4 Qd6 11. Qxc4 h5 12. e4 Qd7 13. O-O Rg8 14.
Rd1 g5 15. Qe2 g4 16. h4 g3 17. Rd3 Rd8 18. Bg5 Be7 19. Bxf6 Bxf6 20. Qxh5
Bxd4 21. Nd1 gxf2+ 22. Nxf2 Bxf2+ 23. Kxf2 Qxd3 24. Qh7 Qg3+ 25. Ke2 Qxg2+
26. Ke3 Rg3+ 27. Kf4 Qf3+ 28. Ke5 f6+ 29. Kxe6 Qg4+ 30. Kxf6 Rf3+ 31. Ke5
Qf4+ 32. Ke6 Qf6# { White checkmated } 0-1

[Event "ICC tourney 2263 (75 10)"]
[Site "Internet Chess Club"]
[Date "2021.01.02"]
[Round "3"]
[White "wanderingeigeas"]
[Black "oxdidi"]
[Result "0-1"]
[ICCResult "White resigns"]
[WhiteElo "1177"]
[BlackElo "959"]
[Opening "Scotch gambit: Dubois-Réti defense"]
[ECO "C55"]
[NIC "KP.02"]
[Time "18:01:26"]
[PlyCount "68"]
[TimeControl "4500+10"]

1. e4 e5 2. Nf3 Nc6 3. d4 exd4 4. Bc4 Nf6 5. e5 Ne4 6. O-O Nc5 7. Nxd4 Nxd4
8. Qxd4 Be7 9. e6 Nxe6 10. Bxe6 dxe6 11. Qxg7 Bf6 12. Qh6 b6 13. Nc3 Bb7
14. Rd1 Qe7 15. Bf4 Rg8 16. Bg3 Rg7 17. Nb5 Kf8 18. Bxc7 Kg8 19. Bd6 Qd8
20. Be5 Qc8 21. Bxf6 Rxg2+ 22. Kf1 Qc4+ 23. Rd3 Qxb5 24. Ke1 Rg6 25. Rg3
Qb4+ 26. c3 Qe4+ 27. Kd2 Qd5+ 28. Bd4 Rxg3 29. hxg3 e5 30. Qg5+ Kf8 31.
Qxe5 Qxe5 32. Bxe5 Rd8+ 33. Bd4 Re8 34. Rh1 Bxh1 { White resigns } 0-1

[Event "ICC tourney 2263 (75 10)"]
[Site "Internet Chess Club"]
[Date "2021.01.02"]
[Round "3"]
[White "adamdlevy"]
[Black "oecooke"]
[Result "0-1"]
[ICCResult "White checkmated"]
[WhiteElo "909"]
[BlackElo "1022"]
[Opening "Sicilian defense"]
[ECO "B30"]
[NIC "SI.31"]
[Time "18:01:44"]
[PlyCount "52"]
[TimeControl "4500+10"]

1. e4 c5 2. Nf3 Nc6 3. Bc4 g6 4. d3 Bg7 5. Nc3 Qa5 6. Bd2 Qb6 7. b3 Nf6 8.
O-O Nd4 9. Re1 Nxf3+ 10. Qxf3 O-O 11. h3 Rd8 12. Rab1 Qb4 13. e5 Nh5 14.
Qxf7+ Kh8 15. Qxe7 Rf8 16. Nd5 Qxd2 17. Rbc1 Qxf2+ 18. Kh2 Qg3+ 19. Kg1 b6
20. Rf1 Bb7 21. Qxd7 Bxd5 22. Bxd5 Rad8 23. Rxf8+ Rxf8 24. Rf1 Nf4 25. e6
Nxh3+ 26. Kh1 Rxf1# { White checkmated } 0-1

[Event "ICC tourney 2263 (75 10)"]
[Site "Internet Chess Club"]
[Date "2021.01.02"]
[Round "3"]
[White "psenguttuvan"]
[Black "sassymareese"]
[Result "0-1"]
[ICCResult "White checkmated"]
[WhiteElo "1016"]
[BlackElo "1375"]
[Opening "Giuoco Pianissimo: Canal variation"]
[ECO "C50"]
[NIC "IG.02"]
[Time "18:01:29"]
[PlyCount "112"]
[TimeControl "4500+10"]

1. e4 e5 2. Nf3 Nc6 3. Bc4 Bc5 4. Nc3 Nf6 5. d3 d6 6. Bg5 Bg4 7. Nd5 h6 8.
Bh4 g5 9. Bg3 Nd4 10. h3 Bh5 11. c3 Nxf3+ 12. gxf3 Nxd5 13. Bxd5 c6 14. Bb3
Qb6 15. Qe2 O-O-O 16. O-O-O Kb8 17. Kb1 Bg6 18. h4 f5 19. hxg5 f4 20. Bh4
hxg5 21. Bxg5 Rdf8 22. Be7 Re8 23. Bf6 Rxh1 24. Rxh1 Qc7 25. d4 exd4 26.
cxd4 Bb6 27. Rg1 Qh7 28. Ka1 Rf8 29. Bg5 Bxd4 30. Qd2 Be5 31. Rg4 Bh5 32.
Rh4 Qg6 33. Be7 Re8 34. Bxd6+ Bxd6 35. Rxh5 Qxh5 36. Qxd6+ Ka8 37. a3 Qxf3
38. e5 Qxb3 39. Qd7 Rb8 40. e6 Rg8 41. Qh7 Rg1+ 42. Qb1 Rxb1+ 43. Kxb1 Qd1+
44. Ka2 Qd5+ 45. Kb1 Qxe6 46. Kc2 Qe2+ 47. Kc3 Qxf2 48. Kd3 Qg3+ 49. Ke2
f3+ 50. Kf1 f2 51. Ke2 Qg1 52. Kd3 f1=Q+ 53. Kc3 Qe3+ 54. Kb4 Qfe1+ 55. Ka4
b6 56. b4 Qd1# { White checkmated } 0-1

[Event "ICC tourney 2263 (75 10)"]
[Site "Internet Chess Club"]
[Date "2021.01.03"]
[Round "4"]
[White "kitook"]
[Black "MGrei"]
[Result "0-1"]
[ICCResult "White checkmated"]
[WhiteElo "426"]
[BlackElo "1149"]
[Opening "Sicilian defense"]
[ECO "B30"]
[NIC "SI.31"]
[Time "11:00:14"]
[PlyCount "116"]
[TimeControl "4500+10"]

1. e4 c5 2. Nf3 Nc6 3. Nc3 g6 4. Bc4 Bg7 5. O-O e6 6. d3 Nge7 7. Be3 d5 8.
exd5 exd5 9. Bb3 d4 10. Bd2 dxc3 11. Bxc3 Nd4 12. Nxd4 cxd4 13. Bb4 O-O 14.
Re1 Re8 15. Qf3 Nf5 16. Rxe8+ Qxe8 17. Re1 Qc6 18. Qxc6 bxc6 19. Re8+ Bf8
20. Rxf8+ Kg7 21. Ba4 Bb7 22. Rxa8 Bxa8 23. g4 Nh4 24. Kh1 c5+ 25. Kg1 cxb4
26. a3 Nf3+ 27. Kf1 Nxh2+ 28. Ke2 bxa3 29. bxa3 Nxg4 30. f3 Ne5 31. f4 Ng4
32. Kd2 h5 33. c4 dxc3+ 34. Kxc3 h4 35. Bd1 h3 36. Bxg4 h2 37. Kd4 h1=Q 38.
Kc3 Qc1+ 39. Kd4 Qxf4+ 40. Kc3 Qxg4 41. d4 Qf3+ 42. Kc4 Bd5+ 43. Kc5 Ba8
44. Kc4 Qxa3 45. d5 Bxd5+ 46. Kxd5 f5 47. Ke5 Qe3+ 48. Kd5 Qe4+ 49. Kc5 f4
50. Kb5 f3 51. Ka6 f2 52. Kxa7 f1=R 53. Kb6 Rb1+ 54. Kc5 Rc1+ 55. Kd6 Rd1+
56. Kc7 Qc2+ 57. Kb7 Rb1+ 58. Ka6 Qa4# { White checkmated } 0-1

[Event "ICC tourney 2263 (75 10)"]
[Site "Internet Chess Club"]
[Date "2021.01.03"]
[Round "4"]
[White "oecooke"]
[Black "wanderingeigeas"]
[Result "0-1"]
[ICCResult "White checkmated"]
[WhiteElo "1022"]
[BlackElo "1177"]
[Opening "French: Two knights variation"]
[ECO "C00"]
[NIC "FR.01"]
[Time "11:00:57"]
[PlyCount "56"]
[TimeControl "4500+10"]

1. e4 e6 2. Nf3 d5 3. Nc3 d4 4. Nb5 Nc6 5. d3 a6 6. Na3 Bxa3 7. bxa3 Nge7
8. Bb2 e5 9. c3 Bg4 10. cxd4 Nxd4 11. Be2 Bxf3 12. Bxf3 Ng6 13. Bh5 O-O 14.
Bxg6 hxg6 15. O-O Qf6 16. Re1 Rfd8 17. Re3 c5 18. Bxd4 Rxd4 19. Rf3 Qd6 20.
Qb3 Qd7 21. Rd1 Rd8 22. Kf1 c4 23. Qb6 cxd3 24. Qb5 axb5 25. Ra1 d2 26. Rd1
Qc6 27. Ke2 Qc4+ 28. Ke3 Qd3# { White checkmated } 0-1

[Event "ICC tourney 2263 (75 10)"]
[Site "Internet Chess Club"]
[Date "2021.01.03"]
[Round "4"]
[White "mooose"]
[Black "OS99"]
[Result "0-1"]
[ICCResult "White resigns"]
[WhiteElo "771"]
[BlackElo "870"]
[Opening "Giuoco Pianissimo: Italian four knights variation"]
[ECO "C55"]
[NIC "IG.01"]
[Time "11:00:21"]
[PlyCount "66"]
[TimeControl "4500+10"]

1. e4 e5 2. Nf3 Nc6 3. Bc4 Nf6 4. Nc3 Bc5 5. d3 h6 6. Be3 Bxe3 7. fxe3 d6
8. Nd5 Nxd5 9. Bxd5 Bg4 10. h3 O-O 11. hxg4 Rb8 12. d4 exd4 13. exd4 a6 14.
c3 Ne7 15. g5 Nxd5 16. exd5 Re8+ 17. Kd2 hxg5 18. Ne5 dxe5 19. Qh5 Kf8 20.
Raf1 g6 21. Qxg6 Qxd5 22. Rxf7+ Qxf7 23. Rh8+ Ke7 24. Rh7 Rf8 25. Qxg5+ Kd7
26. Rxf7+ Rxf7 27. Qxe5 Rf2+ 28. Kd3 Rxg2 29. d5 Rbg8 30. Qe6+ Kd8 31. Kc4
R8g4+ 32. Kc5 b6+ 33. Kc6 Rg6 { White resigns } 0-1

[Event "ICC tourney 2263 (75 10)"]
[Site "Internet Chess Club"]
[Date "2021.01.03"]
[Round "4"]
[White "prkukuku"]
[Black "cautiouscottage"]
[Result "1-0"]
[ICCResult "Black checkmated"]
[WhiteElo "1288"]
[BlackElo "1053"]
[Opening "Sicilian: Kan variation"]
[ECO "B41"]
[NIC "SI.41"]
[Time "11:00:14"]
[PlyCount "47"]
[TimeControl "4500+10"]

1. e4 c5 2. Nf3 e6 3. d4 cxd4 4. Nxd4 a6 5. Be3 Qc7 6. Nc3 Bb4 7. Bd2 Nf6
8. Bd3 b5 9. a4 bxa4 10. Rxa4 Bc5 11. Rc4 Qb6 12. Na4 Qa7 13. Rxc5 d6 14.
Rxc8+ Kd7 15. Rxh8 Qxd4 16. b3 Nxe4 17. Be3 Qb4+ 18. Kf1 Nc3 19. Qf3 Nd5
20. Qxf7+ Kc6 21. Rc8+ Nc7 22. Rxc7+ Kd5 23. c4+ Ke5 24. Qxg7# { Black
checkmated } 1-0

[Event "ICC tourney 2263 (75 10)"]
[Site "Internet Chess Club"]
[Date "2021.01.03"]
[Round "4"]
[White "Chai2006"]
[Black "psenguttuvan"]
[Result "0-1"]
[ICCResult "White checkmated"]
[WhiteElo "1159"]
[BlackElo "1016"]
[Opening "Ruy Lopez: Graz variation"]
[ECO "C70"]
[NIC "RL.09"]
[Time "11:00:21"]
[PlyCount "142"]
[TimeControl "4500+10"]

1. e4 e5 2. Nf3 Nc6 3. Bb5 a6 4. Ba4 b5 5. Bb3 Bc5 6. c3 Nf6 7. d4 exd4 8.
cxd4 Bb4+ 9. Nc3 O-O 10. e5 Ne4 11. Qc2 d5 12. exd6 Nxc3 13. bxc3 Bxd6 14.
Bg5 Qe8+ 15. Be3 Bf4 16. Qd2 Bxe3 17. fxe3 Qe7 18. O-O Re8 19. Rfe1 Bg4 20.
Qf2 Qf6 21. Nd2 Qxf2+ 22. Kxf2 Rad8 23. a4 b4 24. Rac1 bxc3 25. Rxc3 Nb4
26. Nc4 Bf5 27. Ne5 Rxe5 28. dxe5 Nd3+ 29. Kf1 Nxe1 30. Kxe1 Rd7 31. Rc6
Re7 32. Kf2 Rxe5 33. Rxa6 g6 34. Ra7 Rc5 35. a5 Bc2 36. Bxc2 Rxc2+ 37. Kf3
c5 38. a6 c4 39. Rc7 Kg7 40. a7 Ra2 41. Ke4 c3 42. Kd3 c2 43. Kd2 h5 44. h4
Kf6 45. e4 Ke6 46. g3 Kf6 47. e5+ Ke6 48. Kc1 f6 49. exf6 Kxf6 50. Rc6+ Kf7
51. Rc7+ Kf6 52. Rc6+ Kf5 53. Rc5+ Ke4 54. Rg5 Kd3 55. Rd5+ Kc4 56. a8=Q
Rxa8 57. Kxc2 Kxd5 58. Kd3 Ra3+ 59. Ke2 Rxg3 60. Kf2 Rg4 61. Kf1 Rxh4 62.
Kg1 Rd4 63. Kh1 Rd2 64. Kg1 Ke4 65. Kf1 Ke3 66. Ke1 Ra2 67. Kd1 h4 68. Kc1
h3 69. Kb1 Rf2 70. Ka1 h2 71. Kb1 h1=Q# { White checkmated } 0-1

[Event "ICC tourney 2263 (75 10)"]
[Site "Internet Chess Club"]
[Date "2021.01.03"]
[Round "4"]
[White "LeoBerkson"]
[Black "charlestxie"]
[Result "0-1"]
[ICCResult "White resigns"]
[WhiteElo "1136"]
[BlackElo "1366"]
[Opening "Queen's pawn game"]
[ECO "D00"]
[NIC "QP.08"]
[Time "11:06:12"]
[PlyCount "108"]
[TimeControl "4500+10"]

1. d4 d5 2. e3 Nf6 3. f4 Bf5 4. Nf3 e6 5. Bd3 Bg6 6. O-O c5 7. c3 Nc6 8.
Ne5 Bxd3 9. Qxd3 cxd4 10. exd4 Be7 11. Qb5 Qb6 12. a4 O-O 13. f5 Nxe5 14.
Qxb6 axb6 15. dxe5 Ng4 16. f6 Bc5+ 17. Kh1 Nxe5 18. fxg7 Rfd8 19. Bg5 Rd7
20. Bf6 Ng4 21. Bh4 b5 22. Rf4 Ne5 23. Nd2 Be3 24. Bg3 Bxf4 25. Bxf4 Nd3
26. Be3 Nxb2 27. a5 Nc4 28. Nxc4 dxc4 29. Bb6 Rd6 30. Bc5 Rc6 31. Bf8 Rca6
32. Bb4 b6 33. h4 bxa5 34. Bc5 b4 35. cxb4 axb4 36. Rxa6 Rxa6 37. Bxb4 Rc6
38. Bc3 e5 39. Kg1 f6 40. Kf2 Kxg7 41. Kf3 h5 42. Ke4 Rd6 43. Kf5 Rd3 44.
Bb4 c3 45. Be7 c2 46. Bxf6+ Kf7 47. Bg5 Rc3 48. Bc1 Rd3 49. g4 hxg4 50. h5
Rd1 51. h6 Rxc1 52. h7 Rh1 53. Kxg4 Rxh7 54. Kf5 c1=Q { White resigns } 0-1

[Event "ICC tourney 2263 (75 10)"]
[Site "Internet Chess Club"]
[Date "2021.01.03"]
[Round "4"]
[White "goodgovernment"]
[Black "MarNira17"]
[Result "1-0"]
[ICCResult "Black checkmated"]
[WhiteElo "1380"]
[BlackElo "1303"]
[Opening "Giuoco Piano"]
[ECO "C50"]
[NIC "IG.02"]
[Time "11:00:57"]
[PlyCount "63"]
[TimeControl "4500+10"]

1. e4 e5 2. Nf3 Nc6 3. Bc4 Bc5 4. O-O Nf6 5. d3 h6 6. Nc3 d6 7. Be3 Bb6 8.
Re1 Bg4 9. h3 Bh5 10. Nd5 Nxd5 11. Bxd5 O-O 12. c3 Qf6 13. g4 Bg6 14. g5
hxg5 15. Bxg5 Qxg5+ 16. Nxg5 Kh8 17. Qg4 Ne7 18. Qh4+ Kg8 19. Bc4 c6 20. d4
d5 21. exd5 Nxd5 22. Bxd5 cxd5 23. Rad1 e4 24. f3 f5 25. Ne6 Rfe8 26. Nc5
Rab8 27. fxe4 Bxc5 28. dxc5 dxe4 29. Rd7 Rec8 30. Qe7 Bf7 31. Qxf7+ Kh8 32.
Qxg7# { Black checkmated } 1-0

[Event "ICC tourney 2263 (75 10)"]
[Site "Internet Chess Club"]
[Date "2021.01.03"]
[Round "4"]
[White "cappyal"]
[Black "Sax-Maniac"]
[Result "0-1"]
[ICCResult "White resigns"]
[WhiteElo "624"]
[BlackElo "1027"]
[Opening "Sicilian: O'Kelly variation"]
[ECO "B28"]
[NIC "SI.43"]
[Time "11:00:12"]
[PlyCount "90"]
[TimeControl "4500+10"]

1. e4 c5 2. Nf3 a6 3. Nc3 d6 4. h3 Nf6 5. Bc4 e6 6. d4 b5 7. Be2 Qc7 8.
dxc5 dxc5 9. Bg5 Be7 10. Bxf6 Bxf6 11. Qd3 b4 12. Nd1 Nc6 13. c3 O-O 14.
O-O Bb7 15. Rc1 Rad8 16. Qe3 h6 17. Qxc5 Be7 18. Qe3 Ne5 19. cxb4 Nxf3+ 20.
Bxf3 Qe5 21. Qe2 Bd6 22. g3 Bxb4 23. Nc3 Rd6 24. Rfd1 a5 25. Rxd6 Qxd6 26.
a3 Bxc3 27. Rxc3 Ba6 28. e5 Qb6 29. Qc2 Qb5 30. Bg2 Qxe5 31. Re3 Qd6 32.
Bf1 Bxf1 33. Kxf1 Qa6+ 34. Qd3 Qb6 35. Qb3 Qc6 36. Qc3 Qh1+ 37. Ke2 Qxh3
38. Qxa5 Rc8 39. Rc3 Rb8 40. b4 Qg4+ 41. Kf1 Qd1+ 42. Kg2 Qd4 43. Rb3 Qe4+
44. Kh2 Rc8 45. f3 Qc2+ { White resigns } 0-1

[Event "ICC tourney 2263 (75 10)"]
[Site "Internet Chess Club"]
[Date "2021.01.03"]
[Round "4"]
[White "oxdidi"]
[Black "VirginiaGuy"]
[Result "0-1"]
[ICCResult "White resigns"]
[WhiteElo "959"]
[BlackElo "1298"]
[Opening "Caro-Kann: advance variation"]
[ECO "B12"]
[NIC "CK.04"]
[Time "11:01:21"]
[PlyCount "98"]
[TimeControl "4500+10"]

1. e4 c6 2. d4 d5 3. e5 Bf5 4. Nf3 h6 5. Nc3 e6 6. Be2 Ne7 7. O-O Nd7 8.
Be3 Bg6 9. Qd2 Nf5 10. Rfe1 Nxe3 11. Qxe3 Bxc2 12. Rac1 Bh7 13. h3 Be7 14.
Nh2 Bg5 15. f4 Be7 16. Qg3 O-O 17. Qf3 Nb6 18. Ng4 Rc8 19. Red1 c5 20. dxc5
Bxc5+ 21. Kh1 Nd7 22. Qg3 Kh8 23. Bd3 Bxd3 24. Rxd3 Be7 25. Qf3 Nc5 26.
Rdd1 Qb6 27. Rb1 Bd8 28. Qe2 a6 29. Qf3 Kh7 30. Qe2 Qb4 31. a3 Qxf4 32. Rf1
Qg5 33. Qc2+ Qg6 34. Qe2 Qd3 35. Qxd3+ Nxd3 36. Rf2 Nxf2+ 37. Nxf2 Bc7 38.
Re1 Bb6 39. Ng4 Bd4 40. Nd1 Rc2 41. b3 Rfc8 42. Rf1 Kg8 43. Rf4 Rd2 44.
Nde3 Bxe3 45. Nxe3 Rd3 46. Rf3 Rxb3 47. a4 d4 48. Nf1 Rxf3 49. gxf3 Rc4 {
White resigns } 0-1

[Event "ICC tourney 2263 (75 10)"]
[Site "Internet Chess Club"]
[Date "2021.01.03"]
[Round "4"]
[White "martinjames28"]
[Black "aaronfeng"]
[Result "1-0"]
[ICCResult "Black resigns"]
[WhiteElo "1196"]
[BlackElo "993"]
[Opening "QGD: Ragozin variation"]
[ECO "D38"]
[NIC "NI.27"]
[Time "11:00:24"]
[PlyCount "139"]
[TimeControl "4500+10"]

1. d4 d5 2. c4 e6 3. Nc3 Nf6 4. Nf3 Bb4 5. Bg5 O-O 6. e3 Nbd7 7. Be2 c5 8.
cxd5 Bxc3+ 9. bxc3 exd5 10. O-O c4 11. Rb1 b6 12. Rb5 Bb7 13. a4 a6 14. Rb2
h6 15. Bh4 Bc6 16. Qc2 Qc7 17. Rfb1 Ne4 18. Bg3 Qc8 19. Be5 f6 20. Bf4 Re8
21. Bg3 b5 22. axb5 axb5 23. Nh4 Nf8 24. Bh5 Re7 25. Ng6 Nxg6 26. Bxg6 Qg4
27. Bxe4 Qxe4 28. Qxe4 Rxe4 29. h3 Ra3 30. Rc2 Re8 31. Bd6 Ra4 32. Rbb2 Re6
33. Bc5 Bd7 34. Ra2 Rea6 35. Rab2 Re6 36. Kf1 Kf7 37. Ke1 g5 38. Kd1 f5 39.
Kc1 f4 40. exf4 Ra1+ 41. Kd2 gxf4 42. Rc1 Re2+ 43. Kxe2 Rxc1 44. Bb4 Kf6
45. Kf3 Kf5 46. Re2 Be6 47. Re5+ Kf6 48. Kxf4 Rc2 49. Kf3 Ra2 50. Re2 Rxe2
51. Kxe2 Kg5 52. Kf3 Bf5 53. g4 Be4+ 54. Kg3 Bc2 55. f4+ Kf6 56. Kh4 Bg6
57. g5+ hxg5+ 58. fxg5+ Kf5 59. Be7 Ke6 60. Bf6 b4 61. cxb4 c3 62. Be5 Kf5
63. Kg3 Be8 64. h4 c2 65. Bf4 Ke4 66. h5 Bxh5 67. b5 Be8 68. g6 Bxb5 69. g7
c1=Q 70. Bxc1 { Black resigns } 1-0

[Event "ICC tourney 2263 (75 10)"]
[Site "Internet Chess Club"]
[Date "2021.01.03"]
[Round "4"]
[White "sassymareese"]
[Black "tinyattacker"]
[Result "1-0"]
[ICCResult "Black resigns"]
[WhiteElo "1375"]
[BlackElo "1216"]
[Opening "Giuoco Piano"]
[ECO "C50"]
[NIC "IG.02"]
[Time "11:00:24"]
[PlyCount "125"]
[TimeControl "4500+10"]

1. e4 e5 2. Nf3 Nc6 3. Bc4 Bc5 4. Nc3 d6 5. d3 Bg4 6. h3 Bh5 7. g4 Bg6 8.
O-O Nd4 9. Nxd4 Bxd4 10. Qe1 h5 11. g5 f6 12. gxf6 Qxf6 13. Nd5 Qd8 14. c3
Bb6 15. Nxb6 axb6 16. Be3 Qd7 17. Kg2 b5 18. Bb3 c6 19. Qd1 d5 20. exd5
cxd5 21. Re1 Ne7 22. d4 e4 23. Qd2 Nf5 24. Bg5 Qd6 25. Qf4 Qxf4 26. Bxf4
Nh4+ 27. Kg3 Nf5+ 28. Kg2 Nh4+ 29. Kg3 Nf5+ 30. Kh2 Nh4 31. Re3 Nf3+ 32.
Kg3 Rd8 33. Bd1 h4+ 34. Kg2 Bh5 35. Bxf3 Bxf3+ 36. Kh2 Rh5 37. Rg1 Kf7 38.
Rg5 Rxg5 39. Bxg5 Rh8 40. Re1 Rh5 41. Rg1 g6 42. Be3 Kf6 43. Rb1 g5 44. Rg1
Kf5 45. Rb1 Rh6 46. Rg1 Rg6 47. Rb1 g4 48. hxg4+ Rxg4 49. b3 Rg7 50. Kh3
Rh7 51. Rg1 Rh5 52. Rg7 Rh8 53. Rxb7 Bg4+ 54. Kh2 h3 55. Rxb5 Ke6 56. a4
Bf3 57. a5 Be2 58. Rb6+ Kf5 59. a6 Bf1 60. a7 Rg8 61. Rb8 Rg2+ 62. Kh1 h2
63. a8=Q { Black resigns } 1-0

[Event "ICC tourney 2263 (75 10)"]
[Site "Internet Chess Club"]
[Date "2021.01.03"]
[Round "5"]
[White "oecooke"]
[Black "cappyal"]
[Result "1-0"]
[ICCResult "Black resigns"]
[WhiteElo "1022"]
[BlackElo "624"]
[Opening "Scotch gambit"]
[ECO "C44"]
[NIC "SO.06"]
[Time "14:31:48"]
[PlyCount "21"]
[TimeControl "4500+10"]

1. e4 e5 2. Nf3 Nc6 3. d4 exd4 4. Bc4 h6 5. O-O Bc5 6. c3 dxc3 7. Nxc3 d6
8. e5 Nxe5 9. Nxe5 dxe5 10. Bxf7+ Kxf7 11. Qxd8 { Black resigns } 1-0

[Event "ICC tourney 2263 (75 10)"]
[Site "Internet Chess Club"]
[Date "2021.01.03"]
[Round "5"]
[White "cautiouscottage"]
[Black "OS99"]
[Result "1-0"]
[ICCResult "Black checkmated"]
[WhiteElo "1053"]
[BlackElo "870"]
[Opening "Grünfeld: exchange variation"]
[ECO "D87"]
[NIC "GI.04"]
[Time "14:31:42"]
[PlyCount "117"]
[TimeControl "4500+10"]

1. d4 Nf6 2. c4 g6 3. Nc3 d5 4. cxd5 Nxd5 5. e4 Nxc3 6. bxc3 Bg7 7. Be3 c5
8. Bc4 O-O 9. Ne2 Nc6 10. O-O Qc7 11. Qc2 Rd8 12. Rad1 cxd4 13. cxd4 Nb4
14. Qb3 Nc6 15. Bxf7+ Kh8 16. Bc4 Na5 17. Qa4 Nxc4 18. Rc1 Nb6 19. Rxc7
Nxa4 20. Rxe7 b6 21. Rc1 Ba6 22. Ng3 Bxd4 23. Bxd4+ Rxd4 24. h3 h5 25. Rcc7
Rd1+ 26. Kh2 h4 27. Rh7+ Kg8 28. Rxh4 Nc5 29. e5 Nd3 30. e6 Re8 31. e7 Nxf2
32. Rxa7 Bb5 33. Rb7 Bf1 34. Nxf1 Rxf1 35. Rxb6 Rxe7 36. Rxg6+ Kf8 37. a4
Ra1 38. Rf6+ Rf7 39. Rhf4 Rxf6 40. Rxf6+ Ke7 41. Rxf2 Rxa4 42. g4 Ra5 43.
h4 Ra8 44. Rf3 Rf8 45. Rxf8 Kxf8 46. Kh3 Kg7 47. h5 Kh6 48. Kh4 Kg7 49. g5
Kh7 50. h6 Kg6 51. Kg4 Kh7 52. Kh5 Kg8 53. Kg6 Kh8 54. Kf7 Kh7 55. g6+ Kh8
56. g7+ Kh7 57. g8=Q+ Kxh6 58. Qg4 Kh7 59. Qg7# { Black checkmated } 1-0

[Event "ICC tourney 2263 (75 10)"]
[Site "Internet Chess Club"]
[Date "2021.01.03"]
[Round "5"]
[White "VirginiaGuy"]
[Black "LeoBerkson"]
[Result "1-0"]
[ICCResult "Black resigns"]
[WhiteElo "1298"]
[BlackElo "1136"]
[Opening "Queen's pawn game"]
[ECO "D02"]
[NIC "QP.08"]
[Time "14:32:28"]
[PlyCount "54"]
[TimeControl "4500+10"]

1. d4 d5 2. Nf3 e6 3. e3 f5 4. Ne5 Nf6 5. f4 Bd6 6. Bd3 O-O 7. O-O c6 8.
Nd2 Ne4 9. Ndf3 c5 10. c3 c4 11. Bc2 Bd7 12. Bd2 Be8 13. Be1 Bh5 14. Qc1
Nd7 15. Bh4 Qe8 16. Ba4 Rf7 17. Bxd7 Rxd7 18. Nxd7 Qxd7 19. Ne5 Qe8 20. Qc2
b5 21. a4 b4 22. cxb4 Bxb4 23. Be1 c3 24. bxc3 Rc8 25. c4 a5 26. c5 Bxe1
27. Rfxe1 Qe7 { Black resigns } 1-0